Map: Thunderbird LE

Players

Lemon

  • Race: Zerg Zerg
  • Spawn Location: 5:00

souL - Winner!

  • Race: Terran Terran
  • Spawn Location: 11:00

VOD

Have the link to the VOD?

Description

Time

  • Played on: Sept. 6, 2019, 8:32 p.m.
  • Length: 7:44
Show
View Real Time Build Order
Export as new Build Order

Lemon Zerg 

Build Orders: Hatch First, Muta Ling Bane 

Get SALT Encoding   

  12  0:00  Drone  
  13  0:12  Overlord  
  13  0:16  Drone  
  14  0:31  Drone x2  
  16  0:47  Hatchery  
  15  0:51  Drone  
  15  0:54  Drone  
  17  0:57  Drone  
  18  1:08  Extractor  
  17  1:12  Spawning Pool  
  17  1:15  Drone  
  17  1:23  Drone  
  18  1:28  Drone  
  19  1:40  Drone  
  20  1:49  Drone  
  21  1:59  Queen x2  
  21  2:00  Zergling x4  
  27  2:14  Hatchery  
  26  2:18  Overlord  
  26  2:22  Drone  
  27  2:24  Drone  
  28  2:46  Queen, Drone x3  
  28  2:47  Metabolic Boost  
  28  2:49  Overlord  
  33  2:53  Drone  
  33  2:56  Drone  
  35  3:06  Drone  
  36  3:14  Drone x4  
  40  3:20  Overlord  
  40  3:22  Queen  
  40  3:23  Drone  
  43  3:33  Queen, Drone x3  
  48  3:40  Drone  
  50  3:41  Drone  
  50  3:48  Zergling x8  
  54  3:50  Zergling x2  
  54  3:51  Overlord  
  55  4:02  Queen  
  55  4:04  Drone  
  55  4:09  Queen  
  60  4:12  Drone x6  
  65  4:23  Overlord  
  65  4:24  Overlord  
  65  4:37  Lair  
  65  4:39  Extractor  
  65  4:40  Extractor  
  65  4:41  Drone x2  
  65  4:43  Drone x8  
  73  4:47  Baneling Nest, Evolution Chamber  
  73  4:48  Evolution Chamber  
  73  4:50  Drone  
  71  4:56  Drone  
  71  4:57  Drone x5  
  77  5:04  Extractor  
  77  5:05  Extractor  
  75  5:12  Overlord x2  
  75  5:17  Drone  
  75  5:18  Drone x5  
  75  5:21  Zerg Ground Armor Level 1, Zerg Melee Weapons Level 1  
  81  5:29  Drone  
  81  5:32  Drone x9, Extractor  
  90  5:43  Centrifical Hooks  
  90  5:47  Overlord x2  
  90  5:50  Hatchery  
  90  5:51  Zergling x2, Hatchery  
  90  5:52  Zergling x4  
  91  6:00  Zergling x2, Spire  
  91  6:01  Zergling x6  
  94  6:06  Zergling x10  
  94  6:08  Baneling x3  
  94  6:09  Baneling x3  
  94  6:10  Baneling  
  99  6:16  Overlord x2, Zergling x2  
  99  6:17  Zergling x2  
  101  6:20  Overlord  
  101  6:23  Zergling x2, Baneling x6  
  100  6:28  Zergling x10  
  100  6:37  Zergling x8  
  92  6:42  Baneling  
  92  6:43  Baneling  
  92  6:44  Zergling x6  
  91  6:50  Zergling x2  
  89  6:59  Hatchery  
  86  7:01  Queen x3  
  86  7:03  Baneling x3  
  86  7:04  Baneling  
  92  7:12  Mutalisk x8  
  108  7:17  Drone x3  
  107  7:24  Zergling x2  
  107  7:25  Zergling x4  
Show
View Real Time Build Order
Export as new Build Order

souL Terran - Winner!

Build Orders: Hellion Opening, Reaper Expand 

Get SALT Encoding   

  12  0:00  SCV  
  13  0:12  SCV  
  14  0:17  Supply Depot  
  14  0:25  SCV  
  15  0:38  SCV  
  15  0:40  Barracks  
  16  0:45  Refinery  
  16  0:50  SCV  
  17  1:02  SCV  
  18  1:15  SCV  
  19  1:27  Orbital Command  
  19  1:28  Reaper  
  20  1:39  Command Center  
  20  1:49  Supply Depot  
  20  1:53  SCV  
  21  1:59  Marine  
  22  2:05  SCV  
  22  2:07  Factory  
  23  2:17  SCV  
  25  2:27  Barracks Reactor  
  25  2:29  SCV  
  25  2:39  Command Center  
  25  2:43  SCV  
  25  2:51  Orbital Command  
  26  2:55  SCV  
  27  3:07  SCV  
  27  3:08  Barracks Tech Lab  
  27  3:09  Hellion x2  
  32  3:18  SCV  
  32  3:19  SCV  
  30  3:27  Marine, Stimpack  
  34  3:30  SCV, Hellion x2  
  34  3:31  SCV  
  41  3:40  Supply Depot  
  41  3:42  SCV  
  41  3:43  SCV  
  41  3:45  Marine  
  41  3:46  Starport  
  44  3:51  Hellion  
  44  3:52  Hellion  
  48  3:56  SCV  
  48  3:59  SCV  
  50  4:05  Orbital Command  
  50  4:06  Refinery  
  50  4:08  SCV  
  50  4:09  Marine  
  52  4:11  SCV  
  53  4:17  Barracks  
  53  4:20  SCV  
  53  4:21  Barracks  
  53  4:23  SCV  
  55  4:25  Starport Reactor, Factory Reactor  
  55  4:27  Refinery  
  55  4:28  Refinery  
  55  4:33  SCV x2  
  55  4:34  Supply Depot  
  55  4:35  SCV  
  55  4:37  Supply Depot  
  58  4:40  Marine  
  58  4:45  SCV  
  60  4:50  SCV  
  60  4:52  SCV  
  62  4:53  Engineering Bay x2  
  62  4:57  SCV  
  62  4:58  Marine  
  64  5:02  SCV  
  64  5:03  Supply Depot  
  64  5:06  Combat Shield, Orbital Command  
  65  5:07  Supply Depot  
  65  5:08  Factory Tech Lab  
  65  5:09  SCV  
  65  5:11  Medivac  
  65  5:12  Medivac  
  70  5:15  Marine  
  70  5:16  Marine x3  
  70  5:17  Marine  
  75  5:22  SCV  
  75  5:23  SCV  
  77  5:33  Marine  
  77  5:34  Marine x4, SCV, Terran Infantry Armor Level 1, Terran Infantry Weapons Level 1  
  77  5:35  SCV  
  83  5:36  SCV  
  83  5:42  Siege Tank  
  87  5:43  Supply Depot  
  87  5:46  SCV, Supply Depot  
  88  5:51  Marine  
  88  5:52  Marine  
  88  5:56  SCV x2  
  94  5:58  Marine x3, SCV  
  96  6:08  SCV x2  
  96  6:09  Marine  
  96  6:10  Marine, SCV  
  101  6:12  Medivac x2  
  101  6:14  Siege Tank  
  101  6:15  Supply Depot  
  101  6:16  Marine x2, Supply Depot  
  110  6:20  SCV x2  
  110  6:22  SCV  
  110  6:23  Marine  
  112  6:30  Marine x2  
  115  6:32  SCV  
  115  6:34  Marine x2  
  105  6:41  Marine  
  105  6:44  Medivac x2  
  105  6:46  Siege Tank  
  113  6:48  Marine x2  
  113  6:50  SCV  
  113  6:52  Marine x2, Barracks  
  113  6:53  Barracks  
  113  6:54  Armory  
  116  7:00  Supply Depot  
  115  7:03  SCV  
  115  7:08  Command Center, Refinery x2  
  115  7:11  SCV, Factory  
  115  7:13  SCV  
  115  7:14  Marine x2  
  115  7:15  SCV  
  121  7:18  Marine  
  121  7:21  Marine  
  121  7:22  Marine  
Tags
 
Add a new tag
Caveats
  • Supply blocks, unpowered buildings, or Contaminate may cause inaccurate times.
  • Supply counts are checked every 10 seconds.